AoeStats
← 河北彩花

Oasis

508211687Analyzed
4v4 RM · 11d ago on Sep 21, 2026· 51m 37s· 8 players
Game mode
Random Map
Map size
Large (8 player)
Population
200
Speed
Normal
Resources
Standard
Victory
Conquest
Starting age
Dark Age
Ending age
Imperial Age
RankedLock teamsTeams togetherTeam positionsShared explorationLock speedFull tech treeHidden civsTurbo modeCheats
Victory
Defeat
🇨🇳 Wu · China
1162
+17
🇲🇴 Goths · Macao SAR China
1160
+17
🇮🇳 Burgundians · India
1132
+18
🇨🇳 Huns · China
1078
+20
🇫🇷 Spanish · France
1249
-22
🇸🇪 Shu · Sweden
1163
-17
🇲🇰 Spanish · North Macedonia
1153
-17
🇸🇮 Khitans · Slovenia
1129
-16
RiGhT
7:05 Double-Bit Axe
8:40 Loom
10:43 Feudal Age
14:53 Castle Age
13:16 Horse Collar
13:47 Bow Saw
18:05 Heavy Plow
24:46 Scale Barding Armor
24:47 Husbandry
24:26 Cavalier
26:43 Fletching
27:05 Forging
29:03 Wheelbarrow
28:14 Town Watch
30:36 Chain Barding Armor
30:54 Iron Casting
30:14 Bodkin Arrow
31:08 Crop Rotation
31:55 Two-Man Saw
30:56 Gold Mining
30:57 Stone Mining
34:41 Imperial Age
32:30 Hand Cart
34:26 Gold Shaft Mining
34:44 Caravan
35:25 Ballistics
34:48 Treadmill Crane
35:21 Masonry
35:10 Murder Holes
34:51 Paladin
36:47 Plate Barding Armor
37:15 Blast Furnace
36:56 Bracer
38:00 Burgundian Vineyards
38:16 Conscription
38:42 Hoardings
38:47 Guilds
39:41 Chemistry
39:12 Architecture
38:52 Capped Ram
40:43 Stone Shaft Mining
45:52 Bombard Tower
河北彩花
1:03 Loom
9:58 Feudal Age
11:33 Double-Bit Axe
11:24 Man-at-Arms
12:01 Horse Collar
13:18 Gold Mining
21:39 Castle Age
20:29 Stone Mining
21:07 Forging
21:50 Scale Mail Armor
21:52 Pikeman
22:49 Elite Skirmisher
22:53 Long Swordsman
23:47 Fletching
25:04 Wheelbarrow
27:36 Bow Saw
28:52 Chain Mail Armor
28:50 Squires
28:55 Heavy Plow
30:24 Town Watch
39:07 Imperial Age
37:41 Iron Casting
38:41 Anarchy
39:26 Hand Cart
41:10 Blast Furnace
40:57 Stone Shaft Mining
40:14 Capped Ram
41:35 Conscription
40:53 Two-Handed Swordsman
42:40 Crop Rotation
42:06 Halberdier
45:08 Elite Huskarl
47:04 Two-Man Saw
47:17 Perfusion
48:11 Bodkin Arrow
48:39 Ballistics
49:20 Chemistry
47:57 Champion
49:10 Town Patrol
51:03 Masonry
mx
10:30 Feudal Age
11:15 Double-Bit Axe
11:42 Gold Mining
11:23 Man-at-Arms
12:26 Arson
13:09 Scale Mail Armor
12:56 Horse Collar
14:45 Loom
15:41 Forging
18:32 Wheelbarrow
22:40 Castle Age
22:39 Fletching
22:45 Stone Mining
23:53 Bow Saw
27:41 Imperial Age
30:00 Heavy Plow
30:22 Bodkin Arrow
31:33 Chemistry
32:05 Two-Man Saw
32:39 Conscription
34:25 Gold Shaft Mining
37:44 Hand Cart
38:13 Sitting Tiger
39:48 Caravan
41:02 Chemistry
40:07 Treadmill Crane
42:25 Coinage
43:13 Chain Mail Armor
43:18 Pikeman
43:43 Halberdier
44:23 Squires
45:00 Iron Casting
46:01 Plate Mail Armor
46:25 Guilds
53:07 Blast Furnace
Doodo
10:16 Feudal Age
14:26 Castle Age
12:17 Double-Bit Axe
13:02 Horse Collar
13:27 Loom
15:46 Wheelbarrow
15:25 Bow Saw
22:30 Gold Mining
27:14 Gold Shaft Mining
27:19 Caravan
28:05 Stone Mining
28:31 Hand Cart
28:03 Town Watch
31:43 Imperial Age
30:40 Scale Barding Armor
30:46 Forging
31:34 Bloodlines
31:26 Husbandry
32:01 Chain Barding Armor
32:20 Marauders
33:01 Iron Casting
33:34 Conscription
32:35 Elite Tarkan
35:05 Plate Barding Armor
35:26 Heavy Plow
35:27 Town Patrol
37:08 Blast Furnace
37:29 Cavalier
40:47 Two-Man Saw
39:38 Paladin
42:27 Fletching
42:38 Scale Mail Armor
44:36 Bodkin Arrow
45:07 Ballistics
44:44 Murder Holes
46:17 Bracer
46:32 Chain Mail Armor
Atès
11:27 Feudal Age
9:46 Loom
11:33 Feudal Age
16:30 Castle Age
21:19 Gold Mining
31:14 Caravan
33:35 Double-Bit Axe
33:44 Stone Mining
36:09 Wheelbarrow
39:05 Imperial Age
37:00 Bow Saw
39:22 Bloodlines
39:13 Husbandry
39:43 Ballistics
39:20 Elite Conquistador
48:15 Hand Cart
m00n
10:27 Feudal Age
15:08 Castle Age
14:46 Double-Bit Axe
16:24 Wheelbarrow
24:14 Forging
27:53 Iron Casting
28:06 Domestication
29:21 Bow Saw
29:12 Pastoralism
30:48 Hand Cart
34:02 Imperial Age
31:30 Gold Mining
32:02 Stone Mining
32:26 Husbandry
33:15 Scale Barding Armor
34:54 Stone Shaft Mining
35:54 Transhumance
36:35 Two-Man Saw
35:40 Elite Steppe Lancer
36:41 Light Cavalry
37:23 Heavy Camel Rider
39:39 Chain Barding Armor
39:51 Guilds
39:35 Hussar
45:12 Siege Engineers
45:18 Masonry
45:04 Murder Holes
46:40 Ordo Cavalry
46:56 Conscription
Wolfie
10:57 Feudal Age
9:54 Loom
11:33 Double-Bit Axe
11:51 Horse Collar
21:18 Gold Mining
22:11 Fletching
25:47 Castle Age
24:33 Padded Archer Armor
24:25 Stone Mining
26:08 Crossbowman
27:42 Bow Saw
28:42 Gold Shaft Mining
28:59 Bodkin Arrow
29:15 Thumb Ring
30:28 Leather Archer Armor
30:28 Forging
34:39 Squires
36:25 Scale Mail Armor
35:55 Elite Skirmisher
37:39 Wheelbarrow
36:57 Pikeman
39:40 Chain Mail Armor
CrniOdSever
9:02 Loom
11:32 Feudal Age
16:38 Castle Age
17:23 Double-Bit Axe
29:04 Horse Collar
29:44 Bow Saw
33:47 Wheelbarrow
36:20 Imperial Age
35:34 Wheelbarrow
34:46 Town Watch
35:57 Bloodlines
35:47 Husbandry
36:02 Scale Barding Armor
36:07 Forging
36:16 Gold Mining
36:16 Stone Mining
36:40 Heavy Plow
37:15 Cavalier
38:18 Chain Barding Armor
38:34 Iron Casting
39:00 Iron Casting
39:52 Conscription
39:59 Paladin
41:52 Plate Barding Armor
42:47 Blast Furnace
44:56 Fletching
Connection lost

Rejoining the realm…

Still unreachable

The connection could not be restored.

Session expired

The server has moved on; the page needs a fresh start.